SKY
PHILADELPHIA PHILLIES @ TEXAS RANGERS
07/18/2051
 
TOP OF THE 1ST
Philadelphia Phillies batting - Pitching for Texas Rangers : RHP Hayden Lévy
Pitching: RHP Hayden Lévy
Batting: RHB Kyle Negulescu 0-0: Ball
1-0: Ground out U3 (Groundball, 3, EV 101.3 MPH)
Batting: LHB Noah Powell 0-0: Ball
1-0: Swinging Strike
1-1: Fly out, F8 (Flyball, 8LXD, EV 98.8 MPH)
Batting: RHB Marty Booz 0-0: Called Strike
0-1: Ball
1-1: Called Strike
1-2: Ball
2-2: SOLO HOME RUN (Flyball, 7D, EV 102.5 MPH), Distance : 406 ft
Batting: LHB Colt Agner 0-0: Called Strike
0-1: Ball
1-1: Ball
2-1: SOLO HOME RUN (Line Drive, 89XD, EV 111.3 MPH), Distance : 405 ft
Batting: RHB Liam Lyons 0-0: Ball
1-0: Foul Ball, location: 25FF
1-1: Foul Ball, location: 7LSF
1-2: Fly out, F3 (Popup, 3SF, EV 78.8 MPH)
Top of the 1st over - 2 runs, 2 hits, 0 errors, 0 left on base; Philadelphia 2 - Texas 0
BOTTOM OF THE 1ST
Texas Rangers batting - Pitching for Philadelphia Phillies : RHP Lucas Ehrhardt
Pitching: RHP Lucas Ehrhardt
Batting: SHB Kaleb Drew 0-0: Fly out, F8 (Flyball, 78S, EV 95.0 MPH)
Batting: LHB Maverik Tullos 0-0: Ball
1-0: Called Strike
1-1: Foul Ball, location: 2F
1-2: Ball
2-2: Ball
3-2: SINGLE (Line Drive, 6D, EV 98.1 MPH)
Batting: RHB Kymani Whitley 0-0: Called Strike
0-1: Ball
1-1: DOUBLE (Line Drive, 7LM, EV 102.5 MPH)
Maverik Tullos to third
Runner from 3rd tries for Home, throw by LF and OUT! 7-6-2
Kymani Whitley to third
Batting: RHB Santo Alonso 0-0: Ground out 4-3 (Groundball, 34, EV 83.8 MPH)
Bottom of the 1st over - 0 runs, 2 hits, 0 errors, 1 left on base; Philadelphia 2 - Texas 0
TOP OF THE 2ND
Philadelphia Phillies batting - Pitching for Texas Rangers : RHP Hayden Lévy
Batting: RHB Tyler McCaughey 0-0: Swinging Strike
0-1: SINGLE (Line Drive, 78S, EV 95.6 MPH)
Batting: LHB Victor Redd 0-0: Ball
1-0: Called Strike
1-1: Foul Ball, location: 7LMF
1-2: Fielders Choice at 2nd, 3-6 (Groundball, 34, EV 106.3 MPH)
Batting: SHB Billy Arnholt 0-0: Called Strike
0-1: Foul Ball, location: 3F
0-2: Ball
1-2: Strikes out swinging
Batting: RHB Kayden Rainwater 0-0: Ball
1-0: Ball
2-0: Called Strike
2-1: Foul Ball, location: 2LF
2-2: Fly out, F8 (Flyball, 8RM, EV 95.0 MPH)
Top of the 2nd over - 0 runs, 1 hit, 0 errors, 1 left on base; Philadelphia 2 - Texas 0
BOTTOM OF THE 2ND
Texas Rangers batting - Pitching for Philadelphia Phillies : RHP Lucas Ehrhardt
Batting: RHB Fee Durrell 0-0: Swinging Strike
0-1: Called Strike
0-2: Strikes out swinging
Batting: LHB Jedediah Graves 0-0: Called Strike
0-1: Ground out U3 (Groundball, 34, EV 100.6 MPH)
Batting: RHB Brock Boon 0-0: Foul Ball, location: 2F
0-1: Ball
1-1: SINGLE (Groundball, 34D, EV 95.6 MPH)
Batting: RHB Yanus Cartageno 0-0: Ball
1-0: Ball
2-0: Ball
3-0: Base on Balls
Brock Boon to second
Batting: RHB Henry Contreras 0-0: Called Strike
0-1: Called Strike
0-2: Ball
1-2: Strikes out swinging
Bottom of the 2nd over - 0 runs, 1 hit, 0 errors, 2 left on base; Philadelphia 2 - Texas 0
TOP OF THE 3RD
Philadelphia Phillies batting - Pitching for Texas Rangers : RHP Hayden Lévy
Batting: RHB Kyle Negulescu 0-0: Foul Ball, location: 9LDF
0-1: Ball
1-1: Ball
2-1: Called Strike
2-2: Ball
3-2: Foul Ball, location: 9LMF
3-2: SINGLE (Groundball, 4S, EV 73.1 MPH) (infield hit)
Batting: LHB Noah Powell 0-0: Called Strike
0-1: Ball
1-1: Ball
2-1: SINGLE (Groundball, 6MD, EV 95.6 MPH)
Kyle Negulescu to second
Runner from 2nd tries for 3rd, SAFE, no throw by CF
Batting: RHB Marty Booz 0-0: Ball
1-0: Ball
2-0: Foul Ball, location: 2F
2-1: Foul Ball, location: 2F
2-2: Foul Ball, location: 2F
2-2: Foul Ball, location: 2F
2-2: Foul Ball, location: 9LMF
2-2: Strikes out swinging
Batting: LHB Colt Agner 0-0: Called Strike
0-1: Called Strike
Noah Powell steals 2nd base
0-2: Fly out, F7 (Flyball, 78S, EV 89.4 MPH)
Batting: RHB Liam Lyons 0-0: Swinging Strike
0-1: Ball
1-1: Fly out, F7 (Line Drive, 7D, EV 87.5 MPH)
Top of the 3rd over - 0 runs, 2 hits, 0 errors, 2 left on base; Philadelphia 2 - Texas 0
BOTTOM OF THE 3RD
Texas Rangers batting - Pitching for Philadelphia Phillies : RHP Lucas Ehrhardt
Batting: SHB Kaleb Drew 0-0: Ball
1-0: Ball
2-0: Called Strike
2-1: Ball
3-1: Swinging Strike
3-2: Strikes out looking
Batting: LHB Maverik Tullos 0-0: Ball
1-0: Ball
2-0: Called Strike
2-1: Called Strike
2-2: Foul Ball, location: 2LF
2-2: Ball
3-2: Base on Balls
Batting: RHB Kymani Whitley 0-0: Ball
1-0: Called Strike
1-1: Grounds into double play, 6-4-3 (Groundball, 6, EV 78.8 MPH)
Bottom of the 3rd over - 0 runs, 0 hits, 0 errors, 0 left on base; Philadelphia 2 - Texas 0
TOP OF THE 4TH
Philadelphia Phillies batting - Pitching for Texas Rangers : RHP Hayden Lévy
Batting: RHB Tyler McCaughey 0-0: Foul Ball, location: 23F
0-1: Foul Ball, location: 7LMF
0-2: Strikes out swinging
Batting: LHB Victor Redd 0-0: Ground out 6-3 (Groundball, 56, EV 103.1 MPH)
Batting: SHB Billy Arnholt 0-0: Foul Ball, location: 5DF
0-1: Ground out U3 (Groundball, 3, EV 103.8 MPH)
Top of the 4th over - 0 runs, 0 hits, 0 errors, 0 left on base; Philadelphia 2 - Texas 0
BOTTOM OF THE 4TH
Texas Rangers batting - Pitching for Philadelphia Phillies : RHP Lucas Ehrhardt
Batting: RHB Santo Alonso 0-0: Foul Ball, location: 9LDF
0-1: Ball
1-1: Ball
2-1: Called Strike
2-2: Ground out 4-3 (Groundball, 4M, EV 103.1 MPH)
Batting: RHB Fee Durrell 0-0: Ball
1-0: DOUBLE (Line Drive, 9LD, EV 110.0 MPH)
Batting: LHB Jedediah Graves 0-0: Called Strike
0-1: Ball
1-1: DOUBLE (Groundball, 3L, EV 97.5 MPH)
Fee Durrell scores
Batting: RHB Brock Boon 0-0: Swinging Strike
0-1: Swinging Strike
0-2: Strikes out swinging
Batting: RHB Yanus Cartageno 0-0: Foul Ball, location: 9LMF
0-1: Ball
1-1: Ground out 5-3 (Groundball, 56S, EV 71.3 MPH)
Bottom of the 4th over - 1 run, 2 hits, 0 errors, 1 left on base; Philadelphia 2 - Texas 1
TOP OF THE 5TH
Philadelphia Phillies batting - Pitching for Texas Rangers : RHP Hayden Lévy
Batting: RHB Kayden Rainwater 0-0: Ball
1-0: Foul Ball, location: 9LMF
1-1: Foul Ball, location: 7LMF
1-2: Strikes out looking
Batting: RHB Kyle Negulescu 0-0: Called Strike
0-1: Called Strike
0-2: Strikes out looking
Batting: LHB Noah Powell 0-0: Ball
1-0: Ball
2-0: Foul Ball, location: 5SF
2-1: Swinging Strike
2-2: Ball
3-2: SINGLE (Groundball, 3S, EV 70.6 MPH) (infield hit)
Batting: RHB Marty Booz 0-0: Called Strike
0-1: SINGLE (Line Drive, 89S, EV 88.8 MPH)
Noah Powell to second
Runner from 2nd tries for 3rd, SAFE, no throw by RF
Batting: LHB Colt Agner 0-0: Foul Ball, location: 3FF
0-1: Foul Ball, location: 5F
0-2: Ball
1-2: Strikes out swinging
Top of the 5th over - 0 runs, 2 hits, 0 errors, 2 left on base; Philadelphia 2 - Texas 1
BOTTOM OF THE 5TH
Texas Rangers batting - Pitching for Philadelphia Phillies : RHP Lucas Ehrhardt
Batting: RHB Henry Contreras 0-0: Fly out, F9 (Line Drive, 9S, EV 87.5 MPH)
Batting: SHB Kaleb Drew 0-0: Called Strike
0-1: Called Strike
0-2: Ball
1-2: Foul Ball, location: 2F
1-2: Foul Ball, location: 7LSF
1-2: Ball
2-2: Strikes out swinging
Batting: LHB Maverik Tullos 0-0: Fly out, F7 (Flyball, 78M, EV 105.0 MPH)
Bottom of the 5th over - 0 runs, 0 hits, 0 errors, 0 left on base; Philadelphia 2 - Texas 1
TOP OF THE 6TH
Philadelphia Phillies batting - Pitching for Texas Rangers : RHP Hayden Lévy
Batting: RHB Liam Lyons 0-0: Called Strike
0-1: Foul Ball, location: 9LSFF
0-2: Strikes out swinging
Batting: RHB Tyler McCaughey 0-0: Called Strike
0-1: Ball
1-1: Swinging Strike
1-2: Ball
2-2: Strikes out swinging
Batting: LHB Victor Redd 0-0: Ball
1-0: Ball
2-0: Swinging Strike
2-1: Called Strike
2-2: Strikes out swinging
Top of the 6th over - 0 runs, 0 hits, 0 errors, 0 left on base; Philadelphia 2 - Texas 1
BOTTOM OF THE 6TH
Texas Rangers batting - Pitching for Philadelphia Phillies : RHP Lucas Ehrhardt
Batting: RHB Kymani Whitley 0-0: Swinging Strike
0-1: Foul Ball, location: 9LMF
0-2: Strikes out swinging
Batting: RHB Santo Alonso 0-0: Ball
1-0: Foul Ball, location: 9LDF
1-1: Ball
2-1: SINGLE (Line Drive, 5D, EV 101.3 MPH)
Batting: RHB Fee Durrell 0-0: Called Strike
0-1: Ball
1-1: Grounds into double play, 6-4-3 (Groundball, 56, EV 97.5 MPH)
Bottom of the 6th over - 0 runs, 1 hit, 0 errors, 0 left on base; Philadelphia 2 - Texas 1
TOP OF THE 7TH
Philadelphia Phillies batting - Pitching for Texas Rangers : RHP Hayden Lévy
Pitching: RHP Matias Roberts
Batting: SHB Billy Arnholt 0-0: Foul Ball, location: 5SF
0-1: Ball
1-1: Ball
2-1: Called Strike
2-2: Strikes out swinging
Batting: RHB Kayden Rainwater 0-0: SINGLE (Groundball, 4MD, EV 103.8 MPH)
Batting: RHB Kyle Negulescu 0-0: Ball
1-0: Ball
2-0: Ball
3-0: Called Strike
3-1: Swinging Strike
3-2: Strikes out swinging
Kayden Rainwater steals 2nd base
Batter strikes out.
Batting: LHB Noah Powell 0-0: Ball
1-0: Called Strike
1-1: Foul Ball, location: 23FF
1-2: Foul Ball, location: 5F
1-2: Ball
Wild Pitch!
Kayden Rainwater to third
2-2: Strikes out swinging
Top of the 7th over - 0 runs, 1 hit, 0 errors, 1 left on base; Philadelphia 2 - Texas 1
BOTTOM OF THE 7TH
Texas Rangers batting - Pitching for Philadelphia Phillies : RHP Lucas Ehrhardt
Batting: LHB Jedediah Graves 0-0: Ball
1-0: Ball
2-0: Foul Ball, location: 2F
2-1: Ball
3-1: Base on Balls
Pitching: RHP Vincente Proctor
Batting: RHB Brock Boon 0-0: Ball
1-0: Ball
2-0: Foul Ball, location: 9LSF
2-1: Ball
3-1: Foul Ball, location: 2F
3-2: Base on Balls
Jedediah Graves to second
Batting: RHB Yanus Cartageno 0-0: Ball
1-0: SINGLE (Groundball, 6MD, EV 100.6 MPH)
Jedediah Graves to third
Brock Boon to second
Runner from 3rd tries for Home, SAFE, throw by CF to home
Batting: RHB Henry Contreras 0-0: Ball
1-0: Grounds into double play, 6-4-3 (Groundball, 6, EV 83.1 MPH)
Brock Boon to third
Batting: SHB Kaleb Drew 0-0: Ball
1-0: Called Strike
1-1: Called Strike
1-2: Ball
2-2: Ball
3-2: Strikes out swinging
Bottom of the 7th over - 1 run, 1 hit, 0 errors, 1 left on base; Philadelphia 2 - Texas 2
TOP OF THE 8TH
Philadelphia Phillies batting - Pitching for Texas Rangers : RHP Matias Roberts
Batting: RHB Marty Booz 0-0: Ball
1-0: Called Strike
1-1: Ball
2-1: Ball
3-1: Base on Balls
Batting: LHB Colt Agner 0-0: Swinging Strike
0-1: Ball
1-1: Foul Ball, location: 3FF
1-2: Strikes out swinging
Pitching: LHP Mario Valle
Batting: RHB Liam Lyons 0-0: Ball
1-0: Grounds into double play, 5-4-3 (Groundball, 56, EV 86.3 MPH)
Top of the 8th over - 0 runs, 0 hits, 0 errors, 0 left on base; Philadelphia 2 - Texas 2
BOTTOM OF THE 8TH
Texas Rangers batting - Pitching for Philadelphia Phillies : RHP Vincente Proctor
Batting: LHB Maverik Tullos 0-0: Ball
1-0: Foul Ball, location: 2F
1-1: Foul Ball, location: 2F
1-2: Ball
2-2: Ball
3-2: SINGLE (Groundball, 4MS, EV 73.8 MPH) (infield hit)
Batting: RHB Kymani Whitley 0-0: Foul Ball, location: 9LDF
0-1: Ball
1-1: Ball
2-1: DOUBLE (Line Drive, 89XD, EV 109.4 MPH)
Maverik Tullos to third
Batting: RHB Santo Alonso 0-0: Ball
1-0: Called Strike
1-1: Ball
2-1: Ball
3-1: Swinging Strike
3-2: Strikes out swinging
Batting: RHB Fee Durrell 0-0: Ball
1-0: Ball
2-0: Foul Ball, location: 9LDF
2-1: Ball
3-1: Swinging Strike
3-2: Foul Ball, location: 25FF
3-2: Foul Ball, location: 2F
3-2: Strikes out swinging
Pitching: RHP Johnny Deese
Batting: LHB Jedediah Graves 0-0: Called Strike
0-1: Ball
1-1: Foul Ball, location: 7LDF
1-2: Ground out U3 (Groundball, 34S, EV 70.6 MPH)
Bottom of the 8th over - 0 runs, 2 hits, 0 errors, 2 left on base; Philadelphia 2 - Texas 2
TOP OF THE 9TH
Philadelphia Phillies batting - Pitching for Texas Rangers : LHP Mario Valle
Batting: RHB Tyler McCaughey 0-0: Ball
1-0: Called Strike
1-1: Called Strike
1-2: Strikes out swinging, 2-3 out at first.
Pinch Hitting: RHB Toby Cloud 0-0: Called Strike
0-1: Ball
1-1: Fly out, F8 (Flyball, 8RD, EV 110.6 MPH)
Pinch Hitting: RHB Roger Hall 0-0: SINGLE (Line Drive, 78M, EV 101.3 MPH)
Batting: RHB Kayden Rainwater 0-0: Called Strike
0-1: Ball
1-1: DOUBLE (Flyball, 8LXD, EV 110.6 MPH)
Roger Hall to third
Batting: RHB Kyle Negulescu 0-0: Intentional Walk
Batting: LHB Noah Powell 0-0: Ball
1-0: Foul Ball, location: 2F
1-1: Ball
2-1: Swinging Strike
2-2: Strikes out swinging
Top of the 9th over - 0 runs, 2 hits, 0 errors, 3 left on base; Philadelphia 2 - Texas 2
BOTTOM OF THE 9TH
Texas Rangers batting - Pitching for Philadelphia Phillies : RHP Johnny Deese
Now at C: Sedgewick Ziljak
Now in CF: Toby Cloud
Batting: RHB Brock Boon 0-0: Ball
1-0: Ball
2-0: Foul Ball, location: 2F
2-1: Ball
3-1: Foul Ball, location: 9LDF
3-2: Fly out, F9 (Flyball, 9D, EV 103.1 MPH)
Batting: RHB Yanus Cartageno 0-0: Ball
1-0: Ground out 1-3 (Groundball, 15, EV 75.0 MPH)
Batting: RHB Henry Contreras 0-0: Fly out, F7 (Flyball, 78M, EV 86.3 MPH)
Bottom of the 9th over - 0 runs, 0 hits, 0 errors, 0 left on base; Philadelphia 2 - Texas 2
TOP OF THE 10TH
Philadelphia Phillies batting - Pitching for Texas Rangers : LHP Mario Valle
Pitching: RHP Brayden Starcher
Batting: RHB Marty Booz 0-0: Ball
1-0: Swinging Strike
1-1: Ground out 5-3 (Groundball, 5, EV 103.8 MPH)
Batting: LHB Colt Agner 0-0: Called Strike
0-1: Foul Ball, location: 2F
0-2: Ball
1-2: Strikes out swinging
Batting: RHB Liam Lyons 0-0: Called Strike
0-1: Foul Ball, location: 9LMF
0-2: Ball
1-2: Ground out 5-3 (Groundball, 56S, EV 76.3 MPH)
Top of the 10th over - 0 runs, 0 hits, 0 errors, 0 left on base; Philadelphia 2 - Texas 2
BOTTOM OF THE 10TH
Texas Rangers batting - Pitching for Philadelphia Phillies : RHP Johnny Deese
Batting: SHB Kaleb Drew 0-0: Swinging Strike
0-1: Ball
1-1: Foul Ball, location: 2F
1-2: Ball
2-2: Ground out 2-3 (Groundball, 2L, EV 64.4 MPH)
Batting: LHB Maverik Tullos 0-0: Called Strike
0-1: Ball
1-1: Foul Ball, location: 7LMF
1-2: Foul Ball, location: 5F
1-2: Foul Ball, location: 5SF
1-2: Foul Ball, location: 5DF
1-2: Foul Ball, location: 23FF
1-2: Strikes out swinging
Batting: RHB Kymani Whitley 0-0: Ball
1-0: Ball
2-0: Ball
3-0: DOUBLE (Line Drive, 3D, EV 96.9 MPH)
Pitching: RHP Ben Williams
Batting: RHB Santo Alonso 0-0: SINGLE (Line Drive, 5D, EV 98.1 MPH)
Kymani Whitley to third
Runner from 3rd tries for Home, SAFE, throw by LF to home
Bottom of the 10th over - 1 run, 2 hits, 0 errors, 1 left on base; Philadelphia 2 - Texas 3
Friday, March 22nd , 2024 - OOTP Baseball 24.11 Build 85